Map: Port Aleksander EC

Players

Monta

  • Race: Terran Terran
  • League: Master
  • Spawn Location: 5:00

zuka - Winner!

  • Race: Protoss Protoss
  • League: Master
  • Spawn Location: 11:00

VOD

Have the link to the VOD?

Description

Time

  • Played on: April 17, 2019, 3:10 p.m.
  • Length: 11:39
Show
View Real Time Build Order
Export as new Build Order

Monta Terran 

Build Orders: Reaper Expand 

Get SALT Encoding   

  12  0:00  SCV  
  13  0:13  SCV  
  14  0:18  Supply Depot  
  14  0:25  SCV  
  15  0:39  SCV  
  15  0:40  Barracks  
  16  0:47  Refinery  
  16  0:51  SCV  
  17  1:03  SCV  
  18  1:16  SCV  
  19  1:28  Orbital Command  
  19  1:30  Reaper  
  20  1:49  Command Center  
  20  1:56  SCV  
  21  2:01  Marine  
  21  2:08  SCV  
  23  2:10  Supply Depot  
  23  2:17  Factory  
  23  2:29  Barracks Reactor  
  23  2:32  SCV  
  23  2:36  Refinery  
  24  2:44  SCV  
  25  2:56  SCV  
  26  3:02  Factory Tech Lab  
  26  3:04  Marine  
  26  3:05  Marine, Orbital Command  
  28  3:07  Starport  
  28  3:08  SCV  
  28  3:20  SCV  
  28  3:22  Marine  
  28  3:23  Marine  
  28  3:26  Cyclone  
  34  3:31  SCV  
  35  3:39  SCV  
  36  3:42  Marine x2  
  36  3:43  SCV  
  36  3:46  Barracks  
  39  3:51  SCV  
  39  3:53  Bunker  
  39  3:55  SCV  
  41  4:03  Marine x2, SCV  
  41  4:04  Raven  
  41  4:08  Supply Depot  
  46  4:14  Supply Depot  
  46  4:21  Factory Tech Lab  
  46  4:30  Marine x2, SCV x2  
  50  4:38  Barracks  
  50  4:39  Siege Tank  
  50  4:42  SCV x2  
  54  4:54  SCV x2  
  56  5:00  Refinery  
  56  5:06  SCV x2  
  58  5:07  Supply Depot  
  58  5:08  Supply Depot, Engineering Bay  
  58  5:09  Marine x2  
  60  5:18  SCV x2  
  60  5:20  Stimpack  
  62  5:25  Starport Reactor  
  62  5:29  Marauder, Siege Tank, Barracks Tech Lab  
  62  5:30  Marine x2  
  62  5:32  SCV  
  70  5:40  SCV  
  68  5:47  SCV, Combat Shield  
  68  5:48  Marine x2, Marauder  
  73  5:55  Marauder  
  75  5:58  SCV  
  76  6:05  SCV  
  76  6:06  Supply Depot, Marine  
  76  6:07  Supply Depot, Refinery  
  76  6:10  Marauder  
  80  6:13  Command Center  
  80  6:16  Siege Tank  
  80  6:18  SCV  
  84  6:19  Marauder  
  86  6:25  Supply Depot  
  86  6:26  Supply Depot  
  86  6:27  Marine  
  86  6:30  SCV  
  86  6:31  Medivac  
  90  6:34  Medivac  
  90  6:35  Marine  
  90  6:36  SCV  
  94  6:48  Terran Infantry Weapons Level 1, SCV  
  94  6:49  Marine, Marauder  
  94  6:50  Marauder  
  100  7:00  Marine  
  101  7:07  Marine  
  103  7:08  SCV, Concussive Shells  
  103  7:11  Marauder x2, SCV  
  108  7:18  Marine  
  109  7:23  Barracks, SCV  
  109  7:24  Barracks  
  110  7:32  Marauder  
  92  7:39  Marauder  
  92  7:43  SCV  
  93  7:53  Marauder  
  87  8:00  Marine, Medivac, Marauder, Siege Tank  
  87  8:01  Medivac  
  87  8:04  SCV  
  93  8:05  Orbital Command  
  93  8:07  Supply Depot  
  93  8:12  SCV  
  94  8:13  Barracks Tech Lab, Barracks Reactor  
  94  8:15  Marauder  
  94  8:17  SCV, Engineering Bay  
  97  8:20  Armory  
  97  8:26  Marine x2, Marauder  
  101  8:33  Orbital Command  
  101  8:41  Starport Reactor  
  101  8:42  Marine, Marauder  
  101  8:44  Marine  
  101  8:45  Supply Depot  
  101  8:46  Widow Mine x2  
  109  8:49  Marine x3, Marauder  
  109  8:52  SCV  
  115  9:00  Marine  
  108  9:03  Orbital Command  
  108  9:11  Marine x3, Marauder x2  
  108  9:12  Widow Mine x2  
  119  9:26  Marine, Marauder  
  119  9:27  Medivac x2  
  119  9:28  Marine  
  119  9:29  SCV x3  
  130  9:32  Marauder  
  132  9:43  Marine x2, Marauder  
  132  9:44  Widow Mine x2  
  140  9:45  SCV  
  140  9:46  SCV  
  140  9:48  Marauder  
  109  10:18  Marine x2  
  109  10:19  Marine, Marauder  
  102  10:24  Marine x2, Marauder, Command Center  
  105  10:32  Widow Mine  
  105  10:33  Widow Mine  
  107  10:36  Marine x3, SCV x2  
  107  10:40  Marauder  
  107  10:41  Marine  
  115  10:46  Medivac  
  115  10:47  Medivac  
  112  10:59  Marine x2, Marauder  
  112  11:00  Widow Mine x2  
  112  11:01  SCV x2  
Show
View Real Time Build Order
Export as new Build Order

zuka Protoss - Winner!

Build Orders: 1 Gate Expand, Double Forge, Blink Stalkers 

Get SALT Encoding   

  12  0:00  Probe  
  13  0:13  Probe  
  14  0:19  Pylon  
  14  0:21  Probe  
  15  0:33  Probe  
  15  0:39  Gateway  
  16  0:44  Probe  
  16  0:48  Assimilator  
  17  0:55  Probe  
  18  1:03  Probe  
  18  1:11  Probe  
  20  1:26  Cybernetics Core  
  20  1:27  Probe  
  21  1:44  Nexus  
  21  1:48  Assimilator  
  21  1:55  Stalker  
  21  1:59  Pylon  
  23  2:08  Warp Gate  
  23  2:17  Probe  
  24  2:24  Stalker  
  24  2:29  Probe  
  27  2:41  Probe  
  27  2:42  Twilight Council  
  28  2:53  Probe  
  28  2:54  Stalker  
  32  3:02  Probe  
  33  3:06  Probe  
  33  3:10  Probe  
  33  3:15  Blink  
  33  3:18  Probe  
  35  3:22  Probe  
  35  3:23  Forge  
  35  3:25  Forge  
  37  3:34  Probe  
  37  3:37  Probe  
  38  3:43  Stalker  
  38  3:48  Probe  
  41  3:49  Probe  
  42  4:00  Probe  
  42  4:01  Pylon  
  43  4:05  Protoss Ground Weapons Level 1, Probe  
  43  4:06  Protoss Ground Armor Level 1  
  44  4:12  Probe  
  44  4:16  Pylon  
  46  4:17  Probe  
  46  4:23  Stalker  
  48  4:24  Probe  
  48  4:29  Probe  
  50  4:34  Pylon  
  50  4:36  Probe  
  51  4:43  Nexus  
  51  4:48  Probe  
  51  4:51  Photon Cannon  
  51  4:57  Probe  
  52  5:01  Photon Cannon  
  52  5:02  Stalker  
  52  5:03  Probe  
  55  5:08  Charge  
  55  5:09  Probe  
  56  5:19  Gateway  
  56  5:20  Gateway  
  56  5:24  Gateway  
  56  5:31  Gateway  
  56  5:44  Zealot  
  56  5:49  Gateway, Probe  
  58  5:54  Gateway  
  58  5:55  Protoss Ground Weapons Level 2  
  57  5:57  Gateway  
  57  6:00  Gateway  
  57  6:01  Probe  
  58  6:06  Protoss Ground Armor Level 2, Zealot  
  60  6:14  Probe  
  60  6:17  Pylon, Zealot x2  
  65  6:22  Probe  
  66  6:27  Pylon  
  66  6:29  Zealot x2  
  66  6:31  Zealot  
  72  6:33  Probe  
  74  6:45  Zealot  
  75  6:47  Zealot  
  75  6:49  Pylon  
  75  6:52  Zealot  
  75  6:53  Zealot  
  81  6:59  Pylon  
  81  7:00  Robotics Facility  
  81  7:04  Stalker x2  
  81  7:07  Zealot  
  87  7:11  Zealot  
  87  7:12  Zealot  
  91  7:17  Probe x2  
  91  7:18  Probe  
  91  7:21  Pylon  
  94  7:25  Zealot  
  94  7:26  Zealot  
  94  7:27  Zealot  
  84  7:38  Zealot x4  
  84  7:40  Zealot  
  88  8:00  Probe x2  
  88  8:01  Probe, Zealot x4  
  88  8:02  Zealot x4  
  107  8:09  Protoss Ground Weapons Level 3  
  105  8:21  Nexus  
  105  8:25  Protoss Ground Armor Level 3, Warp Prism  
  105  8:28  Zealot x3  
  111  8:39  Pylon  
  113  8:45  Pylon  
  113  8:52  Pylon  
  113  8:58  Pylon  
  103  9:07  Stalker  
  103  9:08  Stalker x5  
  103  9:09  Stalker x3  
  119  9:15  Probe x2  
  119  9:16  Probe  
  122  9:18  Observer  
  122  9:19  Pylon  
  116  9:27  Probe x2  
  116  9:28  Probe  
  120  9:38  Zealot  
  120  9:39  Zealot x5  
  120  9:40  Zealot x3  
  120  10:06  Zealot x2  
  120  10:07  Zealot x5  
  124  10:08  Zealot  
  122  10:20  Probe, Zealot  
  122  10:21  Probe x2  
  116  10:28  Zealot x5  
  121  10:29  Zealot x3  
  134  10:42  Gateway  
  131  10:43  Gateway  
  131  10:47  Gateway  
  131  10:48  Gateway  
  131  10:49  Gateway  
  127  10:57  Zealot x2  
  127  10:58  Zealot x4  
  127  10:59  Zealot  
  127  11:02  Stalker x2  
  123  11:22  Zealot x3  
  123  11:23  Zealot x4  
  123  11:33  Zealot x2  
Tags
 
Add a new tag
Caveats
  • Supply blocks, unpowered buildings, or Contaminate may cause inaccurate times.
  • Supply counts are checked every 10 seconds.